Map: Dusk Towers

Players

hinOismad

  • Race: Zerg Zerg
  • League: Grandmaster

Miszu - Winner!

  • Race: Terran Terran
  • League: Grandmaster

VOD

Have the link to the VOD?

Description

Time

  • Played on: May 20, 2016, 3:58 p.m.
  • Length: 13:46
Show
View Real Time Build Order
Export as new Build Order

hinOismad Zerg 

Build Orders: Hatch First 

Get SALT Encoding   

  12  0:01  Drone  
  13  0:07  Drone  
  14  0:17  Overlord  
  14  0:23  Extractor  
  14  0:24  Drone  
  15  0:35  Drone x2  
  17  0:54  Drone  
  17  0:55  Hatchery  
  17  1:00  Extractor, Drone  
  17  1:14  Spawning Pool  
  17  1:17  Drone  
  17  1:19  Drone  
  18  1:27  Drone  
  19  1:37  Overlord  
  19  1:49  Drone  
  20  2:00  Drone  
  21  2:03  Metabolic Boost, Queen  
  21  2:07  Zergling x2  
  24  2:09  Queen  
  24  2:12  Zergling x2  
  27  2:17  Drone  
  27  2:21  Drone  
  29  2:29  Drone  
  30  2:32  Spore Crawler  
  30  2:36  Spore Crawler  
  28  2:40  Drone  
  28  2:41  Drone  
  32  2:44  Drone  
  32  2:50  Overlord  
  33  2:53  Drone  
  34  3:02  Drone  
  34  3:04  Hatchery  
  34  3:07  Drone  
  34  3:11  Drone  
  34  3:12  Drone  
  37  3:15  Overlord  
  37  3:16  Drone x3  
  40  3:21  Spore Crawler  
  40  3:26  Drone x3  
  42  3:29  Drone  
  43  3:35  Roach Warren  
  43  3:37  Drone  
  43  3:38  Drone  
  44  3:43  Overlord  
  44  3:48  Drone x3  
  47  3:49  Drone  
  46  3:58  Overlord  
  46  4:00  Queen  
  46  4:02  Drone x4  
  52  4:03  Extractor  
  52  4:05  Extractor  
  50  4:14  Roach x2  
  50  4:16  Extractor, Roach  
  55  4:21  Queen  
  55  4:22  Roach x2  
  61  4:26  Drone  
  61  4:29  Overlord  
  61  4:30  Roach x2  
  66  4:36  Lair  
  66  4:40  Drone x4  
  70  4:46  Overlord  
  70  4:48  Roach  
  70  4:50  Drone x2  
  74  4:54  Overlord  
  74  4:57  Drone x2  
  76  5:05  Ravager x3  
  79  5:08  Ravager  
  79  5:10  Drone x6  
  79  5:13  Overlord  
  86  5:16  Ravager  
  86  5:19  Roach  
  86  5:20  Roach  
  91  5:21  Drone x2  
  91  5:24  Overlord  
  91  5:28  Drone x3  
  96  5:33  Drone, Spore Crawler  
  96  5:35  Spore Crawler, Drone  
  97  5:37  Ravager  
  97  5:38  Spore Crawler  
  96  5:42  Glial Reconstitution  
  96  5:44  Drone x2  
  96  5:48  Evolution Chamber  
  96  5:49  Evolution Chamber  
  96  5:53  Drone x2  
  96  5:54  Extractor x2, Drone x4  
  96  5:56  Drone  
  101  6:01  Infestation Pit  
  100  6:04  Queen  
  100  6:10  Overlord x2  
  102  6:17  Roach x3  
  79  6:40  Drone x3  
  79  6:44  Drone x3  
  79  6:45  Drone x3  
  88  6:49  Drone  
  88  6:50  Drone  
  90  6:55  Drone x4  
  94  7:03  Pathogen Glands  
  94  7:08  Zerg Missile Weapons Level 1, Zerg Ground Armor Level 1  
  94  7:13  Drone x2  
  96  7:18  Overlord  
  96  7:22  Queen x2  
  98  7:24  Drone  
  98  7:28  Infestor x3  
  107  7:30  Infestor  
  107  7:35  Overlord  
  107  7:36  Drone  
  107  7:37  Drone x3  
  113  7:38  Drone x2  
  115  7:47  Hatchery  
  115  7:48  Overseer  
  115  7:50  Drone x3  
  115  7:51  Drone  
  118  7:52  Drone  
  118  7:55  Zergling x2  
  118  7:57  Zergling x2  
  121  8:00  Roach  
  121  8:01  Roach x3  
  129  8:08  Overlord  
  129  8:09  Infestor x2  
  129  8:12  Drone x4  
  137  8:13  Extractor  
  137  8:15  Ravager x2  
  137  8:16  Extractor  
  137  8:19  Overlord x2  
  135  8:32  Infestor x3  
  127  8:44  Drone  
  127  8:47  Hydralisk Den, Drone x2  
  127  8:48  Drone x3  
  127  8:59  Drone  
  127  9:00  Drone x8  
  130  9:06  Drone  
  131  9:10  Zerg Ground Armor Level 2, Zerg Missile Weapons Level 2  
  131  9:15  Hydralisk  
  131  9:16  Hydralisk x3  
  135  9:26  Muscular Augments  
  135  9:27  Queen x2  
  133  9:36  Hydralisk x4  
  132  9:52  Hydralisk x5  
  132  9:58  Overlord x2  
  132  9:59  Overseer  
  138  10:12  Drone x3  
  140  10:14  Extractor  
  140  10:15  Drone x2  
  141  10:23  Drone  
  141  10:26  Drone x3  
  144  10:28  Hive  
  145  10:35  Drone  
  145  10:37  Drone  
  145  10:38  Spore Crawler  
  145  10:39  Spore Crawler, Hatchery  
  145  10:41  Queen  
  145  10:42  Spore Crawler  
  144  10:47  Drone  
  145  10:54  Hatchery  
  144  10:59  Drone  
  144  11:03  Drone x2  
  143  11:11  Pneumatized Carapace, Overseer  
  142  11:12  Hydralisk x3  
  111  11:33  Infestor x3  
  111  11:39  Drone  
  122  11:40  Drone x7  
  119  11:49  Drone  
  119  11:50  Drone x2  
  119  11:51  Drone  
  122  11:55  Drone  
  123  12:07  Hatchery  
  122  12:15  Viper  
  122  12:16  Viper x3  
  122  12:21  Infestor x3  
  139  12:27  Drone x3  
  139  12:28  Overlord  
  139  12:29  Drone  
  141  12:30  Drone  
  140  12:43  Hydralisk x3  
Show
View Real Time Build Order
Export as new Build Order

Miszu Terran - Winner!

Build Orders: Reaper Expand, Hellion Banshee 

Get SALT Encoding   

  12  0:00  SCV  
  13  0:12  SCV  
  14  0:17  Supply Depot  
  14  0:24  SCV  
  15  0:38  SCV  
  15  0:40  Barracks  
  16  0:43  Refinery  
  16  0:50  SCV  
  17  1:03  SCV  
  18  1:15  SCV  
  19  1:27  Orbital Command  
  19  1:28  Reaper  
  20  1:40  Command Center  
  20  1:50  Supply Depot  
  20  1:53  SCV  
  21  2:04  Factory  
  21  2:05  SCV  
  22  2:09  Refinery  
  22  2:17  SCV  
  22  2:21  Barracks Reactor  
  23  2:29  SCV  
  24  2:41  SCV  
  25  2:49  Starport  
  25  2:51  Orbital Command  
  25  2:53  SCV  
  26  3:02  Hellion x2  
  26  3:03  Barracks Tech Lab  
  30  3:05  SCV  
  31  3:18  SCV  
  32  3:21  SCV  
  32  3:23  Hellion x2  
  36  3:27  Supply Depot  
  36  3:30  SCV  
  36  3:31  Barracks Reactor  
  36  3:33  SCV  
  38  3:34  Banshee  
  41  3:42  SCV  
  41  3:46  SCV  
  43  3:49  Command Center  
  43  3:54  Supply Depot, SCV  
  44  4:03  SCV  
  44  4:05  Refinery  
  44  4:06  Refinery  
  44  4:09  SCV, Armory  
  46  4:16  SCV  
  47  4:17  Supply Depot  
  47  4:21  Barracks Tech Lab, SCV  
  47  4:22  Liberator x2  
  47  4:23  Hellion x2  
  52  4:28  SCV  
  53  4:33  SCV  
  54  4:40  SCV  
  54  4:44  Supply Depot  
  54  4:45  SCV  
  62  4:59  Starport  
  62  5:00  Starport  
  62  5:01  SCV x2  
  62  5:02  Orbital Command  
  62  5:05  Liberator, Terran Ship Weapons Level 1  
  64  5:13  SCV x2  
  66  5:24  Liberator  
  66  5:28  SCV x2, Orbital Command  
  71  5:33  Supply Depot x2  
  71  5:39  Banshee  
  71  5:42  SCV x2  
  79  5:53  SCV  
  79  5:54  SCV x2  
  79  5:56  Hellion x2  
  86  5:57  Fusion Core  
  86  5:59  Refinery  
  86  6:04  Refinery  
  86  6:05  SCV  
  86  6:06  SCV  
  88  6:16  SCV  
  88  6:17  SCV  
  90  6:20  Banshee  
  90  6:22  Liberator x2  
  87  6:40  Banshee  
  87  6:42  Hellion x2, SCV x3  
  93  6:47  Supply Depot x2  
  90  6:54  SCV x2  
  90  6:57  Hyperflight Rotors  
  90  6:58  SCV  
  93  7:03  Supply Depot  
  93  7:05  Banshee  
  93  7:06  Supply Depot, SCV x2  
  93  7:07  Hellion  
  100  7:09  Hellion  
  100  7:10  SCV, Terran Ship Weapons Level 2  
  103  7:16  Cloaking Field  
  103  7:18  SCV  
  103  7:19  SCV  
  105  7:25  Supply Depot  
  105  7:28  Hellion  
  105  7:29  Supply Depot  
  107  7:30  Hellion, SCV x2  
  107  7:33  Banshee  
  114  7:43  Starport  
  114  7:44  Starport, SCV x3  
  116  7:49  Liberator x2  
  116  7:50  Hellion  
  119  7:51  Hellion  
  119  7:56  SCV x2  
  123  8:04  Supply Depot  
  123  8:06  Supply Depot, Banshee  
  123  8:07  Command Center  
  123  8:08  Command Center  
  123  8:11  Hellion  
  134  8:16  Hellion  
  136  8:22  Starport Tech Lab  
  136  8:23  Starport Tech Lab  
  136  8:29  Advanced Ballistics, Liberator  
  136  8:31  Liberator  
  136  8:32  Hellion  
  129  8:45  Liberator x2, Banshee x2  
  138  9:02  Hellion x2  
  136  9:11  Liberator  
  136  9:22  Liberator  
  136  9:23  Hellion  
  136  9:24  Hellion  
  128  9:29  Liberator  
  131  9:38  Banshee x2  
  140  9:47  Viking  
  140  9:48  Orbital Command  
  142  9:54  Liberator  
  142  10:10  Hellion x2, Liberator x2  
  149  10:16  Engineering Bay  
  149  10:17  Supply Depot  
  149  10:27  Banshee x2  
  161  10:30  Refinery  
  161  10:31  Refinery  
  161  10:32  Hellion x2, Liberator  
  162  10:41  Planetary Fortress  
  162  10:47  Command Center  
  162  10:48  Command Center  
  159  10:53  Hellion x2  
  159  10:54  Banshee  
  166  11:14  Hellion  
  166  11:15  Hellion  
  166  11:16  Liberator x4  
  166  11:18  Liberator  
  170  11:19  Liberator  
  147  11:36  Hellion x2  
  153  11:57  Hellion x2  
  153  11:59  Liberator x3  
  153  12:00  Orbital Command  
  157  12:04  Liberator  
  157  12:05  Liberator  
  157  12:19  Hellion x2  
  167  12:40  Hellion  
  169  13:06  Viking x3  
  169  13:09  Hellion  
Tags
 
Add a new tag
Caveats
  • Supply blocks, unpowered buildings, or Contaminate may cause inaccurate times.
  • Supply counts are checked every 10 seconds.